| TOP OF THE 1ST |
|
Washington Senators batting - Pitching for New York Mets : RHP Manny Aybar
|
|
Pitching: RHP Manny Aybar
|
|
|
Batting: SHB Ray Durham
|
0-0: Ball 1-0: Swinging Strike 1-1: Foul Ball, location: 2F 1-2: Fly out, F5 (Popup, 5L, EV 62.5 MPH)
|
|
Batting: RHB Vladimir Guerrero
|
0-0: Ball 1-0: Called Strike 1-1: Ball 2-1: Ground out 1-3 (Groundball, 25, EV 68.8 MPH)
|
|
Batting: RHB Alex Rodriguez
|
0-0: Ball 1-0: Ball 2-0: Ball 3-0: Base on Balls
|
|
Batting: RHB Albert Belle
|
0-0: Called Strike 0-1: Ground out 5-3 (Groundball, 5S, EV 88.8 MPH)
|
| Top of the 1st over - 0 runs, 0 hits, 0 errors, 1 left on base; Washington 0 - New York 0 |
| BOTTOM OF THE 1ST |
|
New York Mets batting - Pitching for Washington Senators : RHP Livan Hernandez
|
|
Pitching: RHP Livan Hernandez
|
|
|
Batting: LHB Cliff Floyd
|
0-0: Ball 1-0: Ground out 4-3 (Groundball, 34, EV 105.6 MPH)
|
|
Batting: LHB Tony Tarasco
|
0-0: Foul Ball, location: 2F 0-1: Ball 1-1: Foul Ball, location: 2F 1-2: Reached on error, E3 (Groundball, 34, EV 88.1 MPH)
|
|
Batting: RHB Gary Sheffield
|
0-0: Ball 1-0: Foul Ball, location: 2F 1-1: Ball 2-1: Foul Ball, location: 2F 2-2: SINGLE (Groundball, 6, EV 101.9 MPH) (infield hit) Tony Tarasco to second
|
|
Batting: RHB Sammy Sosa
|
0-0: Ball Tony Tarasco steals 3rd base Gary Sheffield to second 1-0: Ball 2-0: Ball 3-0: Called Strike 3-1: Fly out, F9 (Line Drive, 9D, EV 84.4 MPH) Runner from 3rd tags up, SCORES, throw by RF Gary Sheffield to third
|
|
Batting: RHB Phil Nevin
|
0-0: Called Strike 0-1: Ball 1-1: Ground out U3 (Groundball, 34, EV 97.5 MPH)
|
| Bottom of the 1st over - 1 run, 1 hit, 1 error, 1 left on base; Washington 0 - New York 1 |
| TOP OF THE 2ND |
|
Washington Senators batting - Pitching for New York Mets : RHP Manny Aybar
|
|
Batting: RHB Eric Davis
|
0-0: Called Strike 0-1: Called Strike 0-2: Ball 1-2: Ball 2-2: Foul Ball, location: 2F 2-2: Fly out, F9 (Line Drive, 9D, EV 98.8 MPH)
|
|
Batting: LHB Willie Greene
|
0-0: Ball 1-0: Swinging Strike 1-1: Foul Ball, location: 2F 1-2: Strikes out swinging
|
|
Batting: LHB Jon Nunnally
|
0-0: Ball 1-0: Called Strike 1-1: Foul Ball, location: 2F 1-2: Strikes out swinging
|
| Top of the 2nd over - 0 runs, 0 hits, 0 errors, 0 left on base; Washington 0 - New York 1 |
| BOTTOM OF THE 2ND |
|
New York Mets batting - Pitching for Washington Senators : RHP Livan Hernandez
|
|
Batting: RHB Greg Colbrunn
|
0-0: Called Strike 0-1: Foul Ball, location: 2F 0-2: Ball 1-2: Ball 2-2: Foul Ball, location: 2F 2-2: Ball 3-2: Foul Ball, location: 2F 3-2: Ground out 1-3 (Groundball, 15, EV 84.4 MPH)
|
|
Batting: RHB Olmedo Saenz
|
0-0: Ball 1-0: Called Strike 1-1: Called Strike 1-2: Ground out 5-3 (Groundball, 56S, EV 83.8 MPH)
|
|
Batting: RHB Bret Boone
|
0-0: Ball 1-0: Foul Ball, location: 2F 1-1: Foul Ball, location: 2F 1-2: Ball 2-2: Strikes out swinging
|
| Bottom of the 2nd over - 0 runs, 0 hits, 0 errors, 0 left on base; Washington 0 - New York 1 |
| TOP OF THE 3RD |
|
Washington Senators batting - Pitching for New York Mets : RHP Manny Aybar
|
|
Batting: SHB Mickey Tettleton
|
0-0: Foul Ball, location: 2F 0-1: Called Strike 0-2: Foul Ball, location: 2F 0-2: Ball 1-2: Strikes out swinging
|
|
Batting: LHB Don Mattingly
|
0-0: Ball 1-0: SOLO HOME RUN (Flyball, 89XD, EV 100.0 MPH), Distance : 380 ft
|
|
Batting: SHB Ray Durham
|
0-0: Ball 1-0: Foul Ball, location: 2F 1-1: Ball 2-1: SINGLE (Line Drive, 34D, EV 100.0 MPH)
|
|
Batting: RHB Vladimir Guerrero
|
0-0: Called Strike Ray Durham steals 2nd base (no throw) 0-1: Foul Ball, location: 2F 0-2: Ball 1-2: Foul Ball, location: 2F 1-2: Ball 2-2: Fly out, F7 (Flyball, 7D, EV 75.0 MPH) Runner from 2nd tags up, SAFE at 3rd, no throw by LF
|
|
Batting: RHB Alex Rodriguez
|
0-0: DOUBLE (Flyball, 8RXD, EV 99.4 MPH) Ray Durham scores
|
|
Batting: RHB Albert Belle
|
0-0: Ball 1-0: Fly out, F8 (Line Drive, 8LM, EV 91.3 MPH)
|
| Top of the 3rd over - 2 runs, 3 hits, 0 errors, 1 left on base; Washington 2 - New York 1 |
| BOTTOM OF THE 3RD |
|
New York Mets batting - Pitching for Washington Senators : RHP Livan Hernandez
|
|
Batting: LHB B.J. Surhoff
|
0-0: Ground out 4-3 (Groundball, 4M, EV 83.8 MPH)
|
|
Batting: LHB Cliff Floyd
|
0-0: Ball 1-0: Swinging Strike 1-1: Foul Ball, location: 2F 1-2: Fly out, F8 (Flyball, 78M, EV 81.3 MPH)
|
|
Batting: LHB Tony Tarasco
|
0-0: Ball 1-0: SINGLE (Line Drive, 89S, EV 101.3 MPH)
|
|
Batting: RHB Gary Sheffield
|
0-0: Called Strike Tony Tarasco steals 2nd base 0-1: Ball 1-1: Ball 2-1: Swinging Strike 2-2: Fly out, F7 (Flyball, 7LS, EV 80.6 MPH)
|
| Bottom of the 3rd over - 0 runs, 1 hit, 0 errors, 1 left on base; Washington 2 - New York 1 |
| TOP OF THE 4TH |
|
Washington Senators batting - Pitching for New York Mets : RHP Manny Aybar
|
|
Batting: RHB Eric Davis
|
0-0: Ball 1-0: Swinging Strike 1-1: Swinging Strike 1-2: Foul Ball, location: 2F 1-2: Strikes out swinging
|
|
Batting: LHB Willie Greene
|
0-0: Ball 1-0: Ball 2-0: Ball 3-0: Foul Ball, location: 2F 3-1: Swinging Strike 3-2: Strikes out swinging
|
|
Batting: LHB Jon Nunnally
|
0-0: Fly out, F7 (Flyball, 7S, EV 86.9 MPH)
|
| Top of the 4th over - 0 runs, 0 hits, 0 errors, 0 left on base; Washington 2 - New York 1 |
| BOTTOM OF THE 4TH |
|
New York Mets batting - Pitching for Washington Senators : RHP Livan Hernandez
|
|
Batting: RHB Sammy Sosa
|
0-0: Called Strike 0-1: Ball 1-1: Ball 2-1: Swinging Strike 2-2: Strikes out looking
|
|
Batting: RHB Phil Nevin
|
0-0: Ball 1-0: Reached on error, E5 (Groundball, 56, EV 103.8 MPH)
|
|
Batting: RHB Greg Colbrunn
|
0-0: Called Strike 0-1: Swinging Strike 0-2: Ball 1-2: Fly out, F8 (Flyball, 8LXD, EV 96.9 MPH)
|
|
Batting: RHB Olmedo Saenz
|
0-0: Ball 1-0: SINGLE (Flyball, 8LS, EV 88.8 MPH) Phil Nevin to second
|
|
Batting: RHB Bret Boone
|
0-0: Called Strike 0-1: Swinging Strike 0-2: Foul Ball, location: 2F 0-2: Ball 1-2: Ball 2-2: Foul Ball, location: 2F 2-2: 3-RUN HOME RUN (Flyball, 89XD, EV 100.6 MPH), Distance : 385 ft
|
|
Batting: LHB B.J. Surhoff
|
0-0: Ground out 4-3 (Groundball, 4M, EV 108.1 MPH)
|
| Bottom of the 4th over - 3 runs, 2 hits, 1 error, 0 left on base; Washington 2 - New York 4 |
| TOP OF THE 5TH |
|
Washington Senators batting - Pitching for New York Mets : RHP Manny Aybar
|
|
Batting: SHB Mickey Tettleton
|
0-0: Called Strike 0-1: Foul Ball, location: 2F 0-2: Ball 1-2: Ball 2-2: Foul Ball, location: 2F 2-2: Ball 3-2: Foul Ball, location: 2F 3-2: Strikes out swinging
|
|
Batting: LHB Don Mattingly
|
0-0: Fly out, F1 (Line Drive, P, EV 64.4 MPH)
|
|
Batting: SHB Ray Durham
|
0-0: Foul Ball, location: 2F 0-1: Fly out, F9 (Flyball, 89M, EV 93.1 MPH)
|
| Top of the 5th over - 0 runs, 0 hits, 0 errors, 0 left on base; Washington 2 - New York 4 |
| BOTTOM OF THE 5TH |
|
New York Mets batting - Pitching for Washington Senators : RHP Livan Hernandez
|
|
Batting: LHB Cliff Floyd
|
0-0: Bunt missed! 0-1: Foul Ball, location: 2F 0-2: Ball 1-2: Foul Ball, location: 2F 1-2: Ball 2-2: Foul Ball, location: 2F 2-2: Ball 3-2: Foul Ball, location: 2F 3-2: Fly out, F8 (Line Drive, 8LD, EV 93.1 MPH)
|
|
Batting: LHB Tony Tarasco
|
0-0: Called Strike 0-1: Ball 1-1: DOUBLE (Flyball, 8LXD, EV 95.6 MPH)
|
|
Batting: RHB Gary Sheffield
|
0-0: Called Strike 0-1: Fly out, F9 (Flyball, 9, EV 88.8 MPH)
|
|
Batting: RHB Sammy Sosa
|
0-0: Swinging Strike 0-1: Ball 1-1: Swinging Strike 1-2: DOUBLE (Line Drive, 9LM, EV 107.5 MPH) Tony Tarasco scores
|
|
Batting: RHB Phil Nevin
|
0-0: Called Strike 0-1: Swinging Strike 0-2: Strikes out swinging
|
| Bottom of the 5th over - 1 run, 2 hits, 0 errors, 1 left on base; Washington 2 - New York 5 |
| TOP OF THE 6TH |
|
Washington Senators batting - Pitching for New York Mets : RHP Manny Aybar
|
|
Batting: RHB Vladimir Guerrero
|
0-0: Ball 1-0: Ball 2-0: Foul Ball, location: 2F 2-1: Ball 3-1: Base on Balls
|
|
Batting: RHB Alex Rodriguez
|
0-0: Ball 1-0: Fly out, F8 (Flyball, 8LD, EV 94.4 MPH)
|
|
Batting: RHB Albert Belle
|
0-0: Ball Vladimir Guerrero is caught stealing 2nd base 2-4 1-0: Ball 2-0: Fly out, F7 (Line Drive, 7, EV 92.5 MPH)
|
| Top of the 6th over - 0 runs, 0 hits, 0 errors, 0 left on base; Washington 2 - New York 5 |
| BOTTOM OF THE 6TH |
|
New York Mets batting - Pitching for Washington Senators : RHP Livan Hernandez
|
|
Batting: RHB Greg Colbrunn
|
0-0: Ball 1-0: Ball 2-0: Fly out, F8 (Flyball, 8RXD, EV 103.1 MPH)
|
|
Batting: RHB Olmedo Saenz
|
0-0: Called Strike 0-1: Ground out 4-3 (Groundball, 4, EV 90.0 MPH)
|
|
Batting: RHB Bret Boone
|
0-0: Ball 1-0: Called Strike 1-1: Ball 2-1: DOUBLE (Groundball, 5L, EV 101.9 MPH)
|
|
Batting: LHB B.J. Surhoff
|
0-0: Foul Ball, location: 2F 0-1: Ground out 4-3 (Groundball, 4, EV 85.0 MPH)
|
| Bottom of the 6th over - 0 runs, 1 hit, 0 errors, 1 left on base; Washington 2 - New York 5 |
| TOP OF THE 7TH |
|
Washington Senators batting - Pitching for New York Mets : RHP Manny Aybar
|
|
Batting: RHB Eric Davis
|
0-0: Foul Ball, location: 2F 0-1: Ball 1-1: Ball 2-1: Ball 3-1: Called Strike 3-2: Base on Balls
|
|
Batting: LHB Willie Greene
|
0-0: Ball Eric Davis steals 2nd base (no throw) 1-0: Called Strike 1-1: Foul Ball, location: 2F 1-2: Ball 2-2: Ground out 4-3 (Groundball, 4, EV 88.8 MPH) Eric Davis to third
|
|
Batting: LHB Jon Nunnally
|
0-0: Ball 1-0: Ball 2-0: Fly out, F4 (Popup, 34, EV 70.6 MPH)
|
|
Pitching: LHP Mike Sirotka
|
|
|
Batting: SHB Mickey Tettleton
|
0-0: Ball 1-0: Called Strike 1-1: Ball 2-1: Ball 3-1: Base on Balls
|
|
Batting: LHB Don Mattingly
|
0-0: Ball 1-0: Fielders Choice at 2nd, 5-4 (Groundball, 56, EV 103.1 MPH)
|
| Top of the 7th over - 0 runs, 0 hits, 0 errors, 2 left on base; Washington 2 - New York 5 |
| BOTTOM OF THE 7TH |
|
New York Mets batting - Pitching for Washington Senators : RHP Livan Hernandez
|
|
Pitching: LHP Jim Poole
|
|
|
Batting: LHB Cliff Floyd
|
0-0: Called Strike 0-1: Ball 1-1: Ground out 2-3 (Groundball, 2R, EV 68.8 MPH)
|
|
Batting: LHB Tony Tarasco
|
0-0: Ball 1-0: Ball 2-0: Called Strike 2-1: Ball 3-1: Base on Balls
|
|
Batting: RHB Gary Sheffield
|
0-0: Called Strike 0-1: Fly out, F9 (Flyball, 89D, EV 91.9 MPH)
|
|
Batting: RHB Sammy Sosa
|
0-0: Called Strike Tony Tarasco steals 2nd base 0-1: Foul Ball, location: 2F 0-2: Strikes out swinging
|
| Bottom of the 7th over - 0 runs, 0 hits, 0 errors, 1 left on base; Washington 2 - New York 5 |
| TOP OF THE 8TH |
|
Washington Senators batting - Pitching for New York Mets : LHP Mike Sirotka
|
|
Batting: SHB Ray Durham
|
0-0: SOLO HOME RUN (Line Drive, 78XD, EV 105.6 MPH), Distance : 382 ft
|
|
Batting: RHB Vladimir Guerrero
|
0-0: Swinging Strike 0-1: Ball 1-1: SINGLE (Groundball, 56D, EV 95.0 MPH)
|
|
Batting: RHB Alex Rodriguez
|
0-0: Ball 1-0: Foul Ball, location: 2F 1-1: Grounds into double play, 6-4-3 (Groundball, 6, EV 100.0 MPH)
|
|
Batting: RHB Albert Belle
|
0-0: Ball 1-0: Ball 2-0: Swinging Strike 2-1: Called Strike 2-2: Foul Ball, location: 2F 2-2: Strikes out swinging
|
| Top of the 8th over - 1 run, 2 hits, 0 errors, 0 left on base; Washington 3 - New York 5 |
| BOTTOM OF THE 8TH |
|
New York Mets batting - Pitching for Washington Senators : LHP Jim Poole
|
|
Batting: RHB Phil Nevin
|
0-0: SOLO HOME RUN (Line Drive, 7LD, EV 100.0 MPH), Distance : 355 ft
|
|
Batting: RHB Greg Colbrunn
|
0-0: Swinging Strike 0-1: Ball 1-1: Ball 2-1: Swinging Strike 2-2: Strikes out swinging
|
|
Batting: RHB Olmedo Saenz
|
0-0: Swinging Strike 0-1: Ball 1-1: Foul Ball, location: 2F 1-2: Ball 2-2: Strikes out swinging
|
|
Batting: RHB Bret Boone
|
0-0: Foul Ball, location: 2F 0-1: Ball 1-1: Ball 2-1: Called Strike 2-2: Foul Ball, location: 2F 2-2: Ground out 1-3 (Groundball, P, EV 86.3 MPH)
|
| Bottom of the 8th over - 1 run, 1 hit, 0 errors, 0 left on base; Washington 3 - New York 6 |
| TOP OF THE 9TH |
|
Washington Senators batting - Pitching for New York Mets : LHP Mike Sirotka
|
|
Batting: RHB Eric Davis
|
0-0: Ball 1-0: Ball 2-0: Ball 3-0: Called Strike 3-1: Base on Balls
|
|
Batting: LHB Willie Greene
|
0-0: Foul Ball, location: 2F 0-1: Ball 1-1: Ball 2-1: Ball 3-1: Fly out, F7 (Flyball, 7S, EV 88.1 MPH)
|
|
Batting: LHB Jon Nunnally
|
0-0: Foul Ball, location: 2F 0-1: Ball 1-1: Fielders Choice at 2nd, U6 (Groundball, 4M, EV 83.8 MPH)
|
|
Batting: SHB Mickey Tettleton
|
0-0: Called Strike 0-1: Called Strike 0-2: Ball 1-2: Ball 2-2: Foul Ball, location: 2F 2-2: Foul Ball, location: 2F 2-2: Strikes out swinging
|
| Top of the 9th over - 0 runs, 0 hits, 0 errors, 1 left on base; Washington 3 - New York 6 |
|